| TOP OF THE 1ST |
|
Great Falls Voyagers batting - Pitching for Fargo Brewmasters : LHP Bob Tufts
|
|
Pitching: LHP Bob Tufts
|
|
|
Batting: LHB Barrett Allison
|
0-0: Ball 1-0: SINGLE (Line Drive, 89S)
|
|
Batting: RHB Stephen Merkley
|
0-0: Called Strike 0-1: Ball 1-1: Ball Barrett Allison steals 2nd base 2-1: Ball 3-1: SINGLE (Flyball, 89M) Barrett Allison to third
|
|
Batting: RHB John Lonchar
|
0-0: Called Strike Stephen Merkley steals 2nd base 0-1: Foul Ball, location: 2F 0-2: Ball 1-2: Strikes out swinging
|
|
Batting: RHB Jordan Hernandez
|
0-0: Called Strike 0-1: Ball 1-1: Called Strike 1-2: Strikes out swinging
|
|
Batting: RHB Mike Bacon
|
0-0: Ball 1-0: Ball 2-0: Called Strike 2-1: Foul Ball, location: 2F 2-2: Ball 3-2: Foul Ball, location: 2F 3-2: Hit by Pitch
|
|
Batting: RHB Jacky Parish
|
0-0: Called Strike 0-1: Ball 1-1: Fielders Choice at 2nd, 6-4 (Groundball, 6)
|
| Top of the 1st over - 0 runs, 2 hits, 0 errors, 3 left on base; Great Falls 0 - Fargo 0 |
| BOTTOM OF THE 1ST |
|
Fargo Brewmasters batting - Pitching for Great Falls Voyagers : RHP Edwin Bueno
|
|
Pitching: RHP Edwin Bueno
|
|
|
Batting: RHB A.J. Hill
|
0-0: SINGLE (Groundball, 6D)
|
|
Batting: RHB Roger Danson
|
0-0: Ball 1-0: Foul Ball, location: 2F 1-1: Ball 2-1: Ball 3-1: SINGLE (Groundball, 34D) A.J. Hill to second Runner from 2nd tries for 3rd, SAFE, throw by RF made to third
|
|
Batting: RHB Larry Owen
|
0-0: SINGLE (Line Drive, 8RM) A.J. Hill scores Roger Danson to second
|
|
Batting: RHB Bert Pena
|
0-0: Called Strike 0-1: Fielders Choice at 2nd, 5-4 (Groundball, 56) Roger Danson to third
|
|
Batting: RHB Terry Bevington
|
0-0: Ball 1-0: Ball 2-0: Ball 3-0: Called Strike 3-1: Called Strike 3-2: Foul Ball, location: 2F 3-2: Strikes out swinging Bert Pena is caught stealing 2nd base 2-4 Batter strikes out.
|
| Bottom of the 1st over - 1 run, 3 hits, 0 errors, 1 left on base; Great Falls 0 - Fargo 1 |
| TOP OF THE 2ND |
|
Great Falls Voyagers batting - Pitching for Fargo Brewmasters : LHP Bob Tufts
|
|
Batting: RHB Joseph Gonzalez
|
0-0: Called Strike 0-1: Fly out, F8 (Flyball, 8LS)
|
|
Batting: RHB Wayne Eckert
|
0-0: Called Strike 0-1: DOUBLE (Groundball, 5L)
|
|
Batting: SHB Danny Belliard
|
0-0: Ball 1-0: Ball 2-0: Called Strike 2-1: Called Strike Wayne Eckert steals 3rd, throwing error, E2 Wayne Eckert scores 2-2: Ball 3-2: Strikes out swinging
|
|
Batting: LHB Barrett Allison
|
0-0: Ground out 4-3 (Groundball, 4)
|
| Top of the 2nd over - 1 run, 1 hit, 1 error, 0 left on base; Great Falls 1 - Fargo 1 |
| BOTTOM OF THE 2ND |
|
Fargo Brewmasters batting - Pitching for Great Falls Voyagers : RHP Edwin Bueno
|
|
Batting: LHB James Greenwald
|
0-0: Foul Ball, location: 2F 0-1: Ball 1-1: Ground out 6-3 (Groundball, 6M)
|
|
Batting: LHB Linwood Fisher
|
0-0: Ball 1-0: Foul Ball, location: 2F 1-1: Swinging Strike 1-2: Ball 2-2: Ball 3-2: Fly out, F8 (Flyball, 8RD)
|
|
Batting: RHB Clyde Fink
|
0-0: Ball 1-0: Foul Ball, location: 2F 1-1: Fly out, F8 (Flyball, 89XD)
|
| Bottom of the 2nd over - 0 runs, 0 hits, 0 errors, 0 left on base; Great Falls 1 - Fargo 1 |
| TOP OF THE 3RD |
|
Great Falls Voyagers batting - Pitching for Fargo Brewmasters : LHP Bob Tufts
|
|
Batting: RHB Stephen Merkley
|
0-0: Fly out, F8 (Line Drive, 8RD)
|
|
Batting: RHB John Lonchar
|
0-0: Foul Ball, location: 2F 0-1: Foul Ball, location: 2F 0-2: SINGLE (Line Drive, 4MD)
|
|
Batting: RHB Jordan Hernandez
|
0-0: Called Strike 0-1: Called Strike 0-2: Foul Ball, location: 2F 0-2: Foul Ball, location: 2F 0-2: Foul Ball, location: 2F 0-2: Foul Ball, location: 2F 0-2: SINGLE (Line Drive, 56) John Lonchar to second
|
|
Batting: RHB Mike Bacon
|
0-0: Called Strike 0-1: Ball 1-1: Foul Ball, location: 2F 1-2: Ball 2-2: SINGLE (Line Drive, 8RS) John Lonchar to third Jordan Hernandez to second
|
|
Batting: RHB Jacky Parish
|
0-0: Swinging Strike 0-1: Foul Ball, location: 2F 0-2: Ball 1-2: Foul Ball, location: 2F 1-2: Ball 2-2: Fly out, F9 (Flyball, 89D) Runner from 3rd tags up, SCORES, throw by RF
|
|
Batting: RHB Joseph Gonzalez
|
0-0: Foul Ball, location: 2F 0-1: Swinging Strike 0-2: Foul Ball, location: 2F 0-2: Ball 1-2: Ball 2-2: Ball 3-2: Fly out, F5 (Line Drive, 5)
|
| Top of the 3rd over - 1 run, 3 hits, 0 errors, 2 left on base; Great Falls 2 - Fargo 1 |
| BOTTOM OF THE 3RD |
|
Fargo Brewmasters batting - Pitching for Great Falls Voyagers : RHP Edwin Bueno
|
|
Batting: RHB Michael Sherwood
|
0-0: Ball 1-0: Fly out, F7 (Flyball, 78M)
|
|
Batting: RHB A.J. Hill
|
0-0: Ground out 3-1 (Groundball, 34)
|
|
Batting: RHB Roger Danson
|
0-0: Ball 1-0: Ball 2-0: Ball 3-0: Called Strike 3-1: SINGLE (Line Drive, 9S)
|
|
Batting: RHB Larry Owen
|
0-0: Foul Ball, location: 2F 0-1: Foul Ball, location: 2F 0-2: Ball 1-2: Ball 2-2: Foul Ball, location: 2F 2-2: Strikes out swinging
|
| Bottom of the 3rd over - 0 runs, 1 hit, 0 errors, 1 left on base; Great Falls 2 - Fargo 1 |
| TOP OF THE 4TH |
|
Great Falls Voyagers batting - Pitching for Fargo Brewmasters : LHP Bob Tufts
|
|
Batting: RHB Wayne Eckert
|
0-0: Called Strike 0-1: Ball 1-1: Ball 2-1: Reached on error, E3 (Groundball, 34)
|
|
Batting: SHB Danny Belliard
|
0-0: Ball 1-0: Called Strike 1-1: Ball 2-1: Called Strike 2-2: Ball 3-2: SINGLE (Flyball, 8LS) Wayne Eckert to second
|
|
Batting: LHB Barrett Allison
|
0-0: Grounds into double play, 5-4-3 (Groundball, 56S) Wayne Eckert to third
|
|
Batting: RHB Stephen Merkley
|
0-0: Called Strike 0-1: Ball 1-1: Foul Ball, location: 2F 1-2: Ball 2-2: Ball 3-2: Ground out 6-3 (Groundball, 56)
|
| Top of the 4th over - 0 runs, 1 hit, 1 error, 1 left on base; Great Falls 2 - Fargo 1 |
| BOTTOM OF THE 4TH |
|
Fargo Brewmasters batting - Pitching for Great Falls Voyagers : RHP Edwin Bueno
|
|
Batting: RHB Bert Pena
|
0-0: SINGLE (Groundball, 6MD)
|
|
Batting: RHB Terry Bevington
|
0-0: Ball 1-0: Ball 2-0: Grounds into double play, 5-4-3 (Groundball, 56)
|
|
Batting: LHB James Greenwald
|
0-0: Ball 1-0: Ball 2-0: Ball 3-0: Base on Balls
|
|
Batting: LHB Linwood Fisher
|
0-0: Ball 1-0: Ball 2-0: Ball 3-0: Called Strike 3-1: Fly out, F9 (Flyball, 9S)
|
| Bottom of the 4th over - 0 runs, 1 hit, 0 errors, 1 left on base; Great Falls 2 - Fargo 1 |
| TOP OF THE 5TH |
|
Great Falls Voyagers batting - Pitching for Fargo Brewmasters : LHP Bob Tufts
|
|
Batting: RHB John Lonchar
|
0-0: Fly out, F9 (Flyball, 9LM)
|
|
Batting: RHB Jordan Hernandez
|
0-0: Ball 1-0: Ground out 4-3 (Groundball, 4D)
|
|
Batting: RHB Mike Bacon
|
0-0: Foul Ball, location: 2F 0-1: Foul Ball, location: 2F 0-2: Foul Ball, location: 2F 0-2: Strikes out swinging
|
| Top of the 5th over - 0 runs, 0 hits, 0 errors, 0 left on base; Great Falls 2 - Fargo 1 |
| BOTTOM OF THE 5TH |
|
Fargo Brewmasters batting - Pitching for Great Falls Voyagers : RHP Edwin Bueno
|
|
Batting: RHB Clyde Fink
|
0-0: Ground out 5-3 (Groundball, 56)
|
|
Batting: RHB Michael Sherwood
|
0-0: Ball 1-0: Fly out, F9 (Flyball, 89M)
|
|
Batting: RHB A.J. Hill
|
0-0: SINGLE (Groundball, 34D)
|
|
Batting: RHB Roger Danson
|
0-0: Ball 1-0: Ball 2-0: Called Strike 2-1: SINGLE (Groundball, 34D) A.J. Hill to second Runner from 2nd tries for 3rd, SAFE, throw by RF made to third
|
|
Batting: RHB Larry Owen
|
0-0: Ball 1-0: Ball 2-0: Ball 3-0: Base on Balls Roger Danson to second
|
|
Batting: RHB Bert Pena
|
0-0: Ball 1-0: Fly out, F7 (Flyball, 78S)
|
| Bottom of the 5th over - 0 runs, 2 hits, 0 errors, 3 left on base; Great Falls 2 - Fargo 1 |
| TOP OF THE 6TH |
|
Great Falls Voyagers batting - Pitching for Fargo Brewmasters : LHP Bob Tufts
|
|
Batting: RHB Jacky Parish
|
0-0: Ball 1-0: Ball 2-0: Foul Ball, location: 2F 2-1: Swinging Strike 2-2: Foul Ball, location: 2F 2-2: Strikes out swinging
|
|
Batting: RHB Joseph Gonzalez
|
0-0: Ball 1-0: Swinging Strike 1-1: Ground out 1-3 (Groundball, 13)
|
|
Batting: RHB Wayne Eckert
|
0-0: Ground out 6-3 (Groundball, 6MS)
|
| Top of the 6th over - 0 runs, 0 hits, 0 errors, 0 left on base; Great Falls 2 - Fargo 1 |
| BOTTOM OF THE 6TH |
|
Fargo Brewmasters batting - Pitching for Great Falls Voyagers : RHP Edwin Bueno
|
|
Batting: RHB Terry Bevington
|
0-0: Called Strike 0-1: Ball 1-1: Called Strike 1-2: Ball 2-2: Ground out 6-3 (Groundball, 6D)
|
|
Batting: LHB James Greenwald
|
0-0: Ball 1-0: Called Strike 1-1: Ball 2-1: Ball 3-1: Base on Balls
|
|
Batting: LHB Linwood Fisher
|
0-0: Ball 1-0: Grounds into double play, 1-6-3 (Groundball, P)
|
| Bottom of the 6th over - 0 runs, 0 hits, 0 errors, 0 left on base; Great Falls 2 - Fargo 1 |
| TOP OF THE 7TH |
|
Great Falls Voyagers batting - Pitching for Fargo Brewmasters : LHP Bob Tufts
|
|
Batting: SHB Danny Belliard
|
0-0: Swinging Strike 0-1: Swinging Strike 0-2: Ball 1-2: Foul Ball, location: 2F 1-2: Ball 2-2: Ball 3-2: Ground out 5-3 (Groundball, 56S)
|
|
Batting: LHB Barrett Allison
|
0-0: Foul Ball, location: 2F 0-1: Ball 1-1: Foul Ball, location: 2F 1-2: Foul Ball, location: 2F 1-2: Ball 2-2: Ball 3-2: SINGLE (Groundball, 4MD)
|
|
Batting: RHB Stephen Merkley
|
0-0: Ball Barrett Allison is caught stealing 2nd base 2-4 1-0: Foul Ball, location: 2F 1-1: Called Strike 1-2: Ground out U3 (Groundball, 3S)
|
| Top of the 7th over - 0 runs, 1 hit, 0 errors, 0 left on base; Great Falls 2 - Fargo 1 |
| BOTTOM OF THE 7TH |
|
Fargo Brewmasters batting - Pitching for Great Falls Voyagers : RHP Edwin Bueno
|
|
Batting: RHB Clyde Fink
|
0-0: Swinging Strike 0-1: Ball 1-1: Called Strike 1-2: SINGLE (Groundball, 4D)
|
|
Pinch Hitting: RHB Jerome Register
|
0-0: Ball 1-0: Foul Ball, location: 2F 1-1: Ball 2-1: Ball 3-1: Grounds into double play, 1-4-3 (Groundball, 15S)
|
|
Batting: RHB A.J. Hill
|
0-0: Ball 1-0: Called Strike 1-1: Ball 2-1: Fly out, F9 (Line Drive, 89M)
|
| Bottom of the 7th over - 0 runs, 1 hit, 0 errors, 0 left on base; Great Falls 2 - Fargo 1 |
| TOP OF THE 8TH |
|
Great Falls Voyagers batting - Pitching for Fargo Brewmasters : LHP Bob Tufts
|
|
Now at SS: Dennis Vencel
|
|
|
Batting: RHB John Lonchar
|
0-0: Ball 1-0: SINGLE (Line Drive, 8RS)
|
|
Batting: RHB Jordan Hernandez
|
0-0: Foul Ball, location: 2F 0-1: Ball 1-1: Foul Ball, location: 2F 1-2: SINGLE (Flyball, 7LS) John Lonchar to second
|
|
Pitching: RHP Robert Pannell
|
|
|
Batting: RHB Mike Bacon
|
0-0: Ball 1-0: Swinging Strike 1-1: Ball 2-1: Foul Ball, location: 2F 2-2: Ball 3-2: Foul Ball, location: 2F 3-2: Base on Balls John Lonchar to third Jordan Hernandez to second
|
|
Batting: RHB Jacky Parish
|
0-0: Ball 1-0: Ball 2-0: Called Strike 2-1: Ball 3-1: Base on Balls John Lonchar scores Jordan Hernandez to third Mike Bacon to second
|
|
Batting: RHB Joseph Gonzalez
|
0-0: Ball 1-0: Grounds into fielders choice 4-2 (Groundball, 4) Mike Bacon to third Jacky Parish to second
|
|
Batting: RHB Wayne Eckert
|
0-0: Ball 1-0: Ball 2-0: Ball 3-0: Called Strike 3-1: Foul Ball, location: 2F 3-2: Base on Balls Mike Bacon scores Jacky Parish to third Joseph Gonzalez to second
|
|
Batting: SHB Danny Belliard
|
0-0: Called Strike 0-1: Grounds into fielders choice 4-2 (Groundball, 4) Joseph Gonzalez to third Wayne Eckert to second
|
|
Batting: LHB Barrett Allison
|
0-0: Foul Ball, location: 2F 0-1: Ball 1-1: Ground out U3 (Groundball, 34)
|
| Top of the 8th over - 2 runs, 2 hits, 0 errors, 3 left on base; Great Falls 4 - Fargo 1 |
| BOTTOM OF THE 8TH |
|
Fargo Brewmasters batting - Pitching for Great Falls Voyagers : RHP Edwin Bueno
|
|
Pitching: LHP Tim Costello
|
|
|
Batting: RHB Roger Danson
|
0-0: Ball 1-0: SINGLE (Line Drive, 9S)
|
|
Batting: RHB Larry Owen
|
0-0: Ball 1-0: Called Strike 1-1: Ball 2-1: Ball 3-1: Base on Balls Roger Danson to second
|
|
Batting: RHB Bert Pena
|
0-0: Ball 1-0: Ball 2-0: Ground out 5-3 (Groundball, 56S) Roger Danson to third Larry Owen to second
|
|
Batting: RHB Terry Bevington
|
0-0: Ball 1-0: Called Strike 1-1: Foul Ball, location: 2F 1-2: Ball 2-2: DOUBLE (Line Drive, 9LS) Roger Danson scores Larry Owen scores
|
|
Pinch Hitting: RHB James Passarielli
|
0-0: Ball 1-0: Called Strike 1-1: Foul Ball, location: 2F 1-2: DOUBLE (Line Drive, 9LS) Terry Bevington scores
|
|
Pitching: RHP Bobby Mudry
|
|
|
Batting: LHB Linwood Fisher
|
0-0: Foul Ball, location: 2F 0-1: Ball 1-1: Ball 2-1: Ground out 1-3 (Groundball, 25)
|
|
Batting: RHB Clyde Fink
|
0-0: Fly out, F8 (Line Drive, 8LM)
|
| Bottom of the 8th over - 3 runs, 3 hits, 0 errors, 1 left on base; Great Falls 4 - Fargo 4 |
| TOP OF THE 9TH |
|
Great Falls Voyagers batting - Pitching for Fargo Brewmasters : RHP Robert Pannell
|
|
Now in RF: Leslie Clark
|
|
|
Batting: RHB Stephen Merkley
|
0-0: Ball 1-0: Ball 2-0: Ball 3-0: Base on Balls
|
|
Batting: RHB John Lonchar
|
0-0: Foul Ball, location: 2F 0-1: Grounds into double play, 1-6-3 (Groundball, 13)
|
|
Batting: RHB Jordan Hernandez
|
0-0: Called Strike 0-1: Foul Ball, location: 2F 0-2: Foul Ball, location: 2F 0-2: Ball 1-2: Reached on error, E7 (Flyball, 78M)
|
|
Batting: RHB Mike Bacon
|
0-0: Ball 1-0: Called Strike 1-1: Swinging Strike 1-2: Ball 2-2: Foul Ball, location: 2F 2-2: Foul Ball, location: 2F 2-2: Ball 3-2: Reached on error, E5 (Groundball, 56) Jordan Hernandez scores
|
|
Batting: RHB Jacky Parish
|
0-0: Ball 1-0: Ball 2-0: SINGLE (Line Drive, 78S) Mike Bacon to third Runner from 3rd tries for Home, SAFE, throw by LF to home Jacky Parish to second
|
|
Batting: RHB Joseph Gonzalez
|
0-0: Ground out 5-3 (Groundball, 5)
|
| Top of the 9th over - 2 runs, 1 hit, 2 errors, 1 left on base; Great Falls 6 - Fargo 4 |
| BOTTOM OF THE 9TH |
|
Fargo Brewmasters batting - Pitching for Great Falls Voyagers : RHP Bobby Mudry
|
|
Batting: RHB Dennis Vencel
|
0-0: Called Strike 0-1: Ball 1-1: Ball 2-1: Ground out U3 (Groundball, 3)
|
|
Batting: RHB A.J. Hill
|
0-0: Called Strike 0-1: Ball 1-1: Ball 2-1: SINGLE (Groundball, 34D)
|
|
Batting: RHB Roger Danson
|
0-0: Ball 1-0: Called Strike 1-1: Foul Ball, location: 2F 1-2: Strikes out swinging
|
|
Batting: RHB Larry Owen
|
0-0: Ball 1-0: Ball 2-0: Fly out, F9 (Flyball, 89M)
|
| Bottom of the 9th over - 0 runs, 1 hit, 0 errors, 1 left on base; Great Falls 6 - Fargo 4 |
|